 Dungeon Crawl Stone Soup version 0.30-a0-778-g2ef04afb54 (webtiles) character file.

Game seed: 573382423632824545

308 DEFE the Insei (level 6, 0/66 HPs)
             Began as a Demonspawn Wanderer on Feb 16, 2023.
             Slain by an ogre
             ... wielding a +0 giant club
              (27 damage)
             ... on level 5 of the Dungeon.
             The game lasted 00:03:19 (2973 turns).

DEFE the Insei (Demonspawn Wanderer)                Turns: 2973, Time: 00:03:20

Health: 0/66       AC:  9    Str: 12    XL:     6   Next: 16%
Magic:  6/6        EV:  5    Int: 10    God:
Gold:   124        SH:  0    Dex: 18    Spells: 5/5 levels left

rFire   . . .      SeeInvis .    a - +2 mace
rCold   . . .      Faith    .    (no shield)
rNeg    . . .      Spirit   .    g - +0 chain mail
rPois   .          Reflect  .    (no helmet)
rElec   .          Harm     .    (no cloak)
rCorr   +          Rampage  .    (no gloves)
Will    +....                    (no boots) Stlth
                                 (no amulet)
HPRegen 0.31/turn                j - ring of resist corrosion
MPRegen 0.10/turn                r - ring of willpower

@: berserking, very quick
A: rugged brown scales 1, demonic magic 1, demonic touch 1
a: no special abilities


You were on level 5 of the Dungeon.
You visited 1 branch of the dungeon, and saw 5 of its levels.

You collected 124 gold pieces.

Inventory:

Hand Weapons
 a - a +2 mace (weapon)
 b - a +0 quarterstaff
 t - a +2 hand axe of flaming
Armour
 e - a +0 robe
 g - a +0 chain mail (worn)
Jewellery
 j - a ring of resist corrosion (left hand)
 r - a ring of willpower (right hand)
Scrolls
 d - 3 scrolls of teleportation
 i - 4 scrolls of identify {unknown}
 l - a scroll of immolation {unknown}
 o - a scroll of silence {unknown}
 p - a scroll of enchant weapon {unknown}
 s - a scroll of poison {unknown}
Potions
 c - a potion of brilliance
 f - a potion of heal wounds
 h - a potion of curing {unknown}
 m - 2 potions of invisibility {unknown}
 n - a potion of resistance {unknown}
 q - a potion of haste {unknown}


   Skills:
 - Level 1.0 Fighting
 - Level 2.5(3.1) Maces & Flails
 - Level 2.6(3.2) Staves
 - Level 2.6 Shields
 + Level 5.2 Unarmed Combat
 - Level 1.0 Evocations


You had 5 spell levels left.
You didn't know any spells.
Your spell library contained the following spells:

 Spells                   Type           Power      Damage    Failure   Level
 Freeze                   Ice            0%         1d3       100%        1
 Frozen Ramparts          Ice            0%         1d1       100%        3
 Hailstorm                Conj/Ice       0%         3d3       100%        3


Dungeon Overview and Level Annotations

Branches:
Dungeon (5/15)
 Temple: D:4-7

Altars:
Ashenzari

Annotations:
D:4 Dowan, Duvessa


Innate Abilities, Weirdness & Mutations

You are partially covered in rugged brown scales. (AC +1, +3% HP)
Spells you cast may paralyse adjacent enemies.
Your touch may inflict minor irresistible damage on your foes.


Message History

Found a stone staircase leading up.
You see here 4 stones.
You now have 124 gold pieces (gained 9).
Key pressed, stopping explore.
No target in view!
No target in view!
Found a buckler.
Key pressed, stopping explore.
No target in view!
No target in view!
No target in view!
You enter the shallow water.
Moving in this stuff is going to be slow.
An ogre comes into view. It is wielding a +0 giant club.
The ogre shouts!
An ogre is nearby!
You enter the shallow water.
Moving in this stuff is going to be slow.
A worm comes into view.
The worm moves out of view.
You aren't carrying any items that you can evoke.
Unknown command.
You have nothing you can fire or use right now.
Unknown command.
Okay, then.
The ogre hits you with a +0 giant club!!
Ouch! That really hurt!
You take 24 damage, and have 20/44 hp.
MASSIVE DAMAGE!!
Unknown command.
A red film seems to cover your vision as you go berserk!
You feel yourself moving faster!
You feel mighty! The ogre barely misses you.
You now have 30/66 hp.
Unknown command.
You hit the ogre. The ogre hits you with a +0 giant club.
You take 4 damage, and have 26/66 hp.
You sock the ogre!
You touch the ogre!
Your punch misses the ogre. You hit the ogre. Your touch misses the ogre.
The ogre hits you with a +0 giant club!!
You die...

####......###########..........
#......#....### #.>........
##....###~....## #.........<
~#......#≈~P.##.#####...####.
~~[..^....~~~P..P.# #........
~~#......#~≈~~..##.# #...#####
~.###....###.~~.P..# #...## ~~
#......#~≈~~.##.# ##...#
≈........≈≈~@...# ###.#
≈#......#~≈OP....#######.# ##
##....###.~~..##.#......###.
..... #w≈~~P... #####..)##. ...
..≈≈~~~.P..##.......#. ..
..#≈≈~~.##..#..##..>...
..###~~... #### ##..###. ..
~~P..## #........ ......##..


You could see an ogre and a worm.

Vanquished Creatures
  A phantom (D:5)
  2 orc priests
  5 adders
  2 ufetubi
  2 worms
  5 dart slugs
  13 orcs
  5 bats
  10 endoplasms
  4 giant cockroaches
  7 goblins
  7 hobgoblins
  9 kobolds
  5 quokkas
  5 ball pythons
  A frilled lizard (D:1)
  7 rats
90 creatures vanquished.

Vanquished Creatures (others)
  4 plants (D:5)
4 creatures vanquished.

Grand Total: 94 creatures vanquished

Notes
Turn   | Place    | Note
-------+----------+-------------------------------------------
     0 | D:1      | DEFE the Demonspawn Wanderer began the quest for the Orb.
     0 | D:1      | DEFE set off with the following items: a +2 mace, a +0
                  | quarterstaff, a +0 buckler, a scroll of teleportation, a +0
                  | robe.
     0 | D:1      | Reached XP level 1. HP: 15/15 MP: 1/1
     3 | D:1      | Noticed an electric eel
     4 | D:1      | Noticed an electric eel
   179 | D:1      | Gained mutation: Your touch may inflict minor irresistible
                  | damage on your foes. [demonic ancestry]
   179 | D:1      | Reached XP level 2. HP: 21/21 MP: 2/2
   320 | D:1      | Reached skill level 1 in Unarmed Combat
   602 | D:1      | Reached XP level 3. HP: 17/26 MP: 3/3
   996 | D:2      | Reached skill level 2 in Unarmed Combat
  1553 | D:3      | Gained mutation: You are partially covered in rugged brown
                  | scales. (AC +1, +3% HP) [demonic ancestry]
  1553 | D:3      | Reached XP level 4. HP: 23/32 MP: 4/4
  1559 | D:3      | Reached skill level 3 in Unarmed Combat
  1657 | D:3      | Found a faded altar of an unknown god.
  1662 | D:3      | Found a broken altar of Ashenzari.
  1758 | D:3      | Reached XP level 5. HP: 15/38 MP: 5/5
  1827 | D:3      | Reached skill level 4 in Unarmed Combat
  1898 | D:3      | Found a faded altar of an unknown god.
  2247 | D:4      | Noticed Dowan
  2247 | D:4      | Noticed Duvessa
  2422 | D:4      | Noticed an ogre
  2528 | D:4      | Noticed an ogre
  2536 | D:5      | Entered Level 5 of the Dungeon
  2649 | D:5      | Noticed a phantom
  2659 | D:5      | Killed a phantom
  2660 | D:5      | Reached skill level 5 in Unarmed Combat
  2660 | D:5      | Gained mutation: Spells you cast may paralyse adjacent
                  | enemies. [demonic ancestry]
  2660 | D:5      | Reached XP level 6. HP: 35/44 MP: 6/6
  2973 | D:5      | Slain by an ogre

Illustrated notes

Levels and vault maps discovered:
D:1:      arrival_aquarium_b, layout_basic
D:2:      layout_loops_ring
D:3:      layout_rooms, nicolae_overflow_ecumenical_swirl,
          dreamdust_ecumenical_altar_hidden_monk_grotto
D:4:      layout_cave_pools, nicolae_yredelemnul_corpse_copse, uniq_duvessa
D:5:      wad_lake_hut, layout_loops_cross

Skill      XL: |  1  2  3  4  5 |
---------------+----------------+-----
Maces & Flails | 2 |  2.5
Unarmed Combat | 1 2 3 5 |  5.2
Fighting       | |  1.0
Staves         | |  2.6
Shields        | |  2.6
Evocations     | |  1.0

Action                     |  1- 3 |  4- 6 || total
---------------------------+-------+-------++-------
  Melee: Mace              |    94 |   106 ||   200
         Touch             |     7 |    19 ||    26
         Punch             |       |     2 ||     2
    Use: Potion            |       |     4 ||     4
   Stab: Sleeping          |     2 |       ||     2
 Armour: Robe              |     9 |       ||     9
         Chain mail        |    34 |    99 ||   133
  Dodge: Dodged            |    24 |    35 ||    59
  Block: Buckler           |     9 |       ||     9

Table legend: (Time is in decaauts)
 A = Elapsed time spent in this place.
 B = Non-inter-level travel time spent in this place.
 C = Inter-level travel time spent in this place.
 D = Time resting spent in this place.
 E = Time spent auto-exploring this place.
 F = Levels seen in this place.
 G = Mean time per level.
                   A        B        C        D        E       F      G
               +--------+--------+--------+--------+--------+-----+--------+
         Total |   3033 |   2884 |    149 |    255 |   1955 |   5 |  606.6 |
       Dungeon |   3033 |   2884 |    149 |    255 |   1955 |   5 |  606.6 |
               +--------+--------+--------+--------+--------+-----+--------+

Top non-repeatable levels by time:
     D:1: 951 daAuts
     D:3: 794 daAuts
     D:2: 615 daAuts
     D:5: 450 daAuts
     D:4: 221 daAuts
